 Dungeon Crawl Stone Soup version 0.28-a0-384-g9e0c098162 (webtiles) character file.

Game seed: 160240811949933368

6890 lunkers the Grappler (level 10, -7/95 HPs)
             Began as a Minotaur Cinder Acolyte on Sept 2, 2021.
             Was a High Priest of Ignis.
             Mangled by a large slime creature (23 damage)
             ... on level 10 of the Dungeon.
             The game lasted 00:12:47 (7503 turns).

lunkers the Grappler (Minotaur Cinder Acolyte)      Turns: 7503, Time: 00:12:47

Health: -7/95      AC: 19    Str: 23    XL:     10   Next: 79%
Magic:  19/19      EV: 10    Int: 14    God:    Ignis [*****.]
Gold:   432        SH:  0    Dex:  8    Spells: 11/11 levels left

rFire   + . .      SeeInvis +     - Unarmed
rCold   . . .      Faith    .   (no shield)
rNeg    . . .      Spirit   .   A - +2 scale mail of Kucil {Int+3 Dex+3 SInv}
rPois   +          Reflect  .   (helmet restricted)
rElec   .          Harm     .   h - +2 cloak
rCorr   .          Rampage  .   q - +1 pair of gloves
Will    .....                   (no boots)
Stlth   ..........              j - amulet of regeneration
HPRegen 1.25/turn               k - ring of poison resistance
MPRegen 0.16/turn               z - ring "Ehahim" {MP+9 AC+4}

@: no status effects
A: horns 2, retaliatory headbutt
a: Renounce Religion, Sea of Fire, Foxfire Swarm, Rising Flame


You were on level 10 of the Dungeon.
You worshipped Ignis.
Ignis was extremely pleased with you.
You visited 1 branch of the dungeon, and saw 10 of its levels.

You collected 576 gold pieces.
You spent 144 gold pieces at shops.

Inventory:

Hand Weapons
 m - a +1 short sword of protection
Missiles
 c - a throwing net
Armour
 h - a +2 cloak (worn)
 q - a +1 pair of gloves (worn)
 A - the +2 scale mail of Kucil (worn) {Int+3 Dex+3 SInv}
   (You bought it in a shop on level 3 of the Dungeon)

   Int:       It affects your intelligence (+3).
   Dex:       It affects your dexterity (+3).
   SInv:      It lets you see invisible.
Jewellery
 d - a +6 ring of strength
 j - an amulet of regeneration (around neck)
 k - a ring of poison resistance (left hand)
 z - the ring "Ehahim" (right hand) {MP+9 AC+4}
   (You found it on level 5 of the Dungeon)

   [ring of protection]

   AC:        It affects your AC (+4).
   MP:        It affects your magic capacity (+9).
Wands
 t - a wand of flame (31)
 v - a wand of acid (14)
 w - a wand of charming (7)
 y - a wand of iceblast (12)
Scrolls
 i - 2 scrolls of amnesia
 r - 4 scrolls of blinking
 s - 4 scrolls of teleportation
 u - a scroll of silence
 x - a scroll of torment
 C - a scroll of identify
 D - a scroll of magic mapping
 E - a scroll of fear
Potions
 a - a potion of resistance
 b - a potion of mutation
 e - 13 potions of curing
 f - 4 potions of attraction
 g - a potion of ambrosia
 l - 3 potions of cancellation
 n - 3 potions of haste
 o - 4 potions of heal wounds
 p - 2 potions of brilliance
 B - a potion of invisibility
 F - a potion of might


   Skills:
 + Level 11.1 Fighting
 + Level 7.3 Armour
 * Level 13.6 Unarmed Combat
 - Level 1.0 Spellcasting
 - Level 2.1 Fire Magic


You had 11 spell levels left.
You didn't know any spells.
Your spell library contained the following spells:

 Spells                   Type           Power      Damage    Failure   Level
 Scorch                   Fire           12%        2d6       36%         2
 Summon Small Mammal      Summ           0%         N/A       52%         1
 Inner Flame              Hex/Fire       3%         N/A       75%         3
 Call Canine Familiar     Summ           0%         N/A       87%         3
 Ozocubu's Armour         Ice            0%         N/A       87%         3
 Summon Guardian Golem    Hex/Summ       0%         N/A       87%         3
 Cause Fear               Hex            0%         N/A       99%         4
 Metabolic Englaciation   Hex/Ice        0%         N/A       100%        5
 Simulacrum               Ice/Necr       0%         N/A       100%        6
 Discord                  Hex            0%         N/A       100%        8


Dungeon Overview and Level Annotations

Branches:
Dungeon (10/15)            Temple (0/1) D:4
   Lair: D:8-11         Orc: D:9-12

Altars:
Gozag
Okawaru
Ru
Zin

Shops:
D:3 :([:[   D:8 *

Annotations:
D:10 3 runed translucent doors, exclusion: obsidian statue, Atlas's ghost, journeyman DgIE


Innate Abilities, Weirdness & Mutations

You have a pair of horns on your head.
You reflexively headbutt those who attack you in melee.


Message History

You hit the slime creature. You headbutt the slime creature!
You punch the slime creature.
You kill the slime creature!
You hit the slime creature.
The slime creature is lightly wounded.
The large slime creature hits you but does no damage.
The slime creature closely misses you. You furiously retaliate!
You headbutt the slime creature. You hit the slime creature.
The slime creature is lightly wounded.
The large slime creature hits you! The slime creature hits you!
The slime creature barely misses you.
You barely miss the slime creature. You headbutt the slime creature.
The slime creature is lightly wounded.
The slime creature hits you but does no damage.
The large slime creature hits you but does no damage.
The slime creature hits you.
You barely miss the slime creature.
You headbutt the slime creature, but do no damage.
The slime creature is lightly wounded.
You punch the slime creature!
The slime creature is moderately wounded.
The slime creature hits you but does no damage. x2
The large slime creature jiggles.
The large slime creature barely misses you.
You hit the slime creature. You headbutt the slime creature!
The slime creature is heavily wounded.
Two slime creatures merge to form a large slime creature.
The slime creature closely misses you.
The large slime creature completely misses you.
You punch the slime creature! You headbutt the slime creature!
The slime creature is almost dead.
You pummel the slime creature!!
You kill the slime creature!
The large slime creature hits you!!
* * * LOW HITPOINT WARNING * * *
The large slime creature hits you!!
* * * LOW HITPOINT WARNING * * *
The large slime creature hits you!!
You die...

#.##.##.....###(###.#..#.#
#..........## #.###.#..#.#
####.####### #....<.....# #.###
############.### #.[.#
#.......####.# ###.#
#.......##.#.#####
##.#.####.......#.#..#...#
##.#.....#........###..<#.#
##.###.##.#..@....## ##..(.#
##...###.#^#.JJ...## ##..##
#.##.####..#.o.....## ##.#.#
#........#.#.#####..###.##.#
###+++####.#.......#.#.##..#
##YOoW$##..##...#####.###.## #
#∩$.O.$∩####.......##.# #.# ##
#8..8$$8# #....##.##.# #.# ##.
#....$..####.......##.###.###..


You could see 2 large slime creatures and an orc wizard (invisible).

Vanquished Creatures
  A two-headed ogre (D:9)
  Pikel (D:8)
  Maurice (D:8)
  Maggie (D:8)
  7 slime creatures
  Sigmund (D:3)
  2 steam dragons
  Menkaure (D:7)
  Edmund (D:4)
  Duvessa (D:7)
  A water moccasin (D:7)
  2 black bears
  A sky beast (D:5)
  2 orc warriors (D:9)
  A necrophage (D:8)
  5 ogres
  2 lemures (D:8)
  7 centaurs
  A phantom (D:5)
  A kobold brigand (D:9)
  3 bullfrogs
  A water moccasin zombie (D:7)
  Dowan (D:7)
  A scorpion (D:5)
  A wyvern skeleton (D:6)
  2 water moccasin skeletons
  4 wights (D:8)
  A howler monkey (D:7)
  3 centaur zombies
  2 bullfrog zombies (D:6)
  2 hounds
  3 orc priests
  Crazy Yiuf (D:7)
  Jessica (D:2)
  An iguana (D:7)
  Natasha (thrice) (D:2)
  An orc wizard (D:9)
  Terence (D:2)
  A hound skeleton (D:4)
  A howler monkey zombie (D:6)
  4 gnolls (D:4)
  7 adders
  2 river rats (D:6)
  2 shadow imps
  A white imp (D:6)
  3 worms
  A dart slug (D:4)
  17 orcs
  8 ball pythons
  10 endoplasms
  A giant cockroach (D:6)
  7 hobgoblins
  7 jackals
  14 kobolds
  6 quokkas
  4 bats
  3 frilled lizards
  6 goblins
  3 rats
180 creatures vanquished.

Vanquished Creatures (others)
  2 plants (D:10)
2 creatures vanquished.

Grand Total: 182 creatures vanquished

Notes
Turn   | Place    | Note
-------+----------+-------------------------------------------
     0 | D:1      | lunkers the Minotaur Cinder Acolyte began the quest for the
                  | Orb.
     0 | D:1      | Reached XP level 1. HP: 19/19 MP: 1/1
   482 | D:1      | Reached XP level 2. HP: 20/27 MP: 2/2
   936 | D:1      | Reached skill level 4 in Unarmed Combat
  1237 | D:2      | Noticed Natasha
  1250 | D:2      | Killed Natasha
  1251 | D:2      | Reached XP level 3. HP: 8/34 MP: 3/3
  1376 | D:2      | Noticed Jessica
  1388 | D:2      | Killed Jessica
  1389 | D:2      | Reached XP level 4. HP: 25/41 MP: 4/4
  1390 | D:2      | Reached skill level 5 in Unarmed Combat
  1420 | D:2      | Noticed Terence
  1437 | D:2      | Killed Terence
  1650 | D:2      | Reached XP level 5. HP: 44/47 MP: 5/5
  1692 | D:2      | Noticed Natasha
  1694 | D:2      | Reached skill level 5 in Fighting
  1709 | D:2      | Killed Natasha
  1773 | D:2      | Noticed Natasha
  1781 | D:2      | Killed Natasha
  1834 | D:3      | Found Liruuh's Book Emporium.
  1891 | D:3      | Reached skill level 6 in Unarmed Combat
  1921 | D:3      | Found Heapp's Antique Armour Shoppe.
  1926 | D:3      | Found Cetuacem's Antique Armour Shoppe.
  1949 | D:3      | Noticed Sigmund
  1985 | D:3      | Killed Sigmund
  1986 | D:3      | Reached XP level 6. HP: 21/57 MP: 6/6
  2075 | D:3      | Found Ciclint's Weapon Shop.
  2226 | D:3      | Found Ygauh's Book Emporium.
  2311 | D:3      | Found a glowing silver altar of Zin.
  2320 | D:3      | Found a sacrificial altar of Ru.
  2405 | D:4      | Reached skill level 7 in Unarmed Combat
  2482 | D:4      | Reached XP level 7. HP: 33/64 MP: 7/7
  2731 | D:4      | Noticed Edmund
  2741 | D:4      | Killed Edmund
  2742 | D:4      | Reached skill level 8 in Unarmed Combat
  3011 | D:4      | Found a staircase to the Ecumenical Temple.
  3207 | D:5      | Entered Level 5 of the Dungeon
  3312 | D:5      | Reached XP level 8. HP: 68/73 MP: 8/8
  3341 | D:5      | Reached skill level 9 in Unarmed Combat
  3388 | D:5      | Found an iron altar of Okawaru.
  3653 | D:5      | Identified the ring "Ehahim" {MP+9 AC+4}
  3874 | D:3      | Bought an ichor-stained scale mail for 144 gold pieces
  3874 | D:3      | Identified the +2 scale mail of Kucil {Int+3 Dex+3 SInv}
                  | (You bought it in a shop on level 3 of the Dungeon)
  4066 | D:6      | Reached skill level 10 in Unarmed Combat
  4231 | D:6      | Reached skill level 1 in Armour
  4716 | D:6      | Identified the +11 shortbow of Picsuism {vorpal, Stlth+}
  4718 | D:6      | Found a glowing drain.
  4841 | D:7      | Reached XP level 9. HP: 60/82 MP: 9/9
  4882 | D:7      | Noticed Menkaure
  4884 | D:7      | Reached skill level 11 in Unarmed Combat
  4889 | D:7      | Killed Menkaure
  4959 | D:7      | Noticed Dowan
  4959 | D:7      | Noticed Duvessa
  4974 | D:7      | Killed Duvessa
  4980 | D:7      | Killed Dowan
  5093 | D:7      | Found a runed translucent door.
  5094 | D:7      | Noticed Crazy Yiuf
  5695 | D:7      | Killed Crazy Yiuf
  5755 | D:8      | Noticed Maggie
  5769 | D:8      | Killed Maggie
  5773 | D:8      | Reached skill level 12 in Unarmed Combat
  5831 | D:8      | Noticed Maurice
  5841 | D:8      | Killed Maurice
  5842 | D:8      | Reached skill level 10 in Fighting
  5842 | D:8      | Reached skill level 5 in Armour
  6071 | D:8      | Noticed Pikel
  6085 | D:8      | Killed Pikel
  6086 | D:8      | Reached XP level 10. HP: 80/93 MP: 10/10
  6135 | D:8      | Found Niry's Mayhem Merchandise.
  6557 | D:9      | Reached skill level 13 in Unarmed Combat
  6705 | D:9      | Identified the +5 leather armour of Dim Light {rElec rPois
                  | rF- Stlth-}
  6986 | D:9      | Noticed a two-headed ogre
  6991 | D:9      | Killed a two-headed ogre
  7151 | D:10     | Entered Level 10 of the Dungeon
  7361 | D:10     | Noticed an obsidian statue
  7366 | D:10     | Found a runed translucent gate.
  7366 | D:10     | Found a runed translucent gate.
  7366 | D:10     | Found a runed translucent gate.
  7366 | D:10     | Found an opulent altar of Gozag.
  7366 | D:10     | Noticed a frost giant
  7366 | D:10     | Noticed Atlas's ghost (journeyman DgIE)
  7373 | D:10     | Noticed a two-headed ogre
  7503 | D:10     | Mangled by a large slime creature

Illustrated notes

Levels and vault maps discovered:
D:1:      saegor_arrival_simple_d, layout_basic
D:2:      layout_basic, uniq_terence, uniq_natasha, uniq_jessica
D:3:      layout_rooms, mainiacjoe_overflow_swirl, serial_shops,
          nicolae_lakefront_shop, shop, shop, shop, shop, uniq_sigmund
D:4:      layout_loops_ring, lemuel_temple_firewalk_b, uniq_edmund
D:5:      layout_rooms, mainiacjoe_overflow_boulevard, minmay_puff
D:6:      layout_loops_ring, portal_sewer_entry_e
D:7:      layout_loops_corners, uniq_crazy_yiuf_cottage, uniq_menkaure,
          uniq_duvessa
D:8:      layout_loops_ring, minmay_shop_mayhem, uniq_maggie, uniq_maurice,
          uniq_pikel
D:9:      layout_roguey, minmay_fountain_box
D:10:     layout_loops_cross, kennysheep_mini, serial_shops,
          nicolae_shop_overgrown_old_shop, ebering_ghost_gozag,
          chequers_hall_statues_wall_a, patterned_corridor

Skill      XL: |  1  2  3  4  5  6  7  8  9 10 |
---------------+-------------------------------+-----
Fighting       | 4 5 6 7 8 10 11 | 11.1
Unarmed Combat | 4 5 6 7 8 10 12 13 | 13.6
Armour         | 2 5 7 |  7.3
Spellcasting   | |  1.0
Fire Magic     | |  2.1

Action                   |  1- 3 |  4- 6 |  7- 9 | 10-12 || total
-------------------------+-------+-------+-------+-------++-------
Melee: Unarmed           |    82 |   165 |   277 |    97 ||   621
       Headbutt          |     6 |    17 |    55 |    30 ||   108
       Punch             |     1 |     2 |    10 |     6 ||    19
Evoke: Wand              |       |       |     1 |       ||     1
  Use: Scroll            |       |       |    15 |     6 ||    21
Armor: Ring mail         |    39 |    38 |    13 |       ||    90
       Robe              |     1 |       |       |       ||     1
       Scale mail        |       |       |   134 |    65 ||   199
Dodge: Dodged            |    46 |    63 |   140 |    54 ||   303

Table legend: (Time is in decaauts)
 A = Elapsed time spent in this place.
 B = Non-inter-level travel time spent in this place.
 C = Inter-level travel time spent in this place.
 D = Time resting spent in this place.
 E = Time spent auto-exploring this place.
 F = Levels seen in this place.
 G = Mean time per level.
                   A        B        C        D        E       F      G
               +--------+--------+--------+--------+--------+-----+--------+
         Total |   7415 |   7078 |    337 |    437 |   5240 |  10 |  741.5 |
       Dungeon |   7415 |   7078 |    337 |    437 |   5240 |  10 |  741.5 |
               +--------+--------+--------+--------+--------+-----+--------+

Top non-repeatable levels by time:
     D:1: 1178 daAuts
     D:4: 915 daAuts
     D:7: 909 daAuts
     D:6: 825 daAuts
     D:8: 706 daAuts
     D:3: 668 daAuts
     D:9: 635 daAuts
     D:5: 624 daAuts
     D:2: 602 daAuts
    D:10: 346 daAuts
